 Dungeon Crawl Stone Soup version 0.31-a0-174-g85c54bcb58 (webtiles) character file.

Game seed: 16038080967332985646

75 IndexError the Shooter (level 4, -3/37 HPs)
             Began as a Barachi Hunter on June 15, 2023.
             Was a Follower of Zin.
             Slain by Sigmund
             ... wielding a +0 scythe
              (6 damage)
             ... on level 3 of the Dungeon.
             The game lasted 00:03:51 (1638 turns).

IndexError the Shooter (Barachi Hunter)             Turns: 1638, Time: 00:03:51

Health: -3/37      AC:  3    Str: 12    XL:     4   Next: 31%
Magic:  4/4        EV: 12    Int:  9    God:    Zin [*.....]
Gold:   79         SH:  0    Dex: 18    Spells: 3/3 levels left

rFire   . . .        a - +0 shortbow
rCold   . . .        (shield currently unavailable)
rNeg    . . .        c - +0 leather armour
rPois   .            (no helmet)
rElec   .            (no cloak)
rCorr   .            (no gloves)
SInv    .            (no boots)
Will    .....        (no amulet)
Stlth   +            (no ring)
HPRegen 0.26/turn    (no ring)
MPRegen 0.09/turn

%: no passive effects
@: confused, slow
A: amphibious, slowness 1, strong legs 1, +LOS
a: Hop, Renounce Religion, Recite, Donate Gold


You were on level 3 of the Dungeon.
You worshipped Zin.
Zin was aware of your devotion.
You visited 1 branch of the dungeon, and saw 3 of its levels.

You collected 87 gold pieces.
You donated 8 gold pieces to Zin.

Inventory:

Hand Weapons
 a - a +0 shortbow (weapon)
Armour
 c - a +0 leather armour (worn)
Scrolls
 b - a scroll of butterflies
 d - a scroll of poison {unknown}
 e - 4 scrolls of enchant weapon {unknown}
 h - 2 scrolls of identify {unknown}
 i - a scroll of noise {unknown}
 k - a scroll of acquirement {unknown}
 l - a scroll of immolation {unknown}
Potions
 f - 3 potions of mutation {unknown}
 g - a potion of magic {unknown}
 j - a potion of curing {unknown}


   Skills:
 + Level 4.1 Fighting
 + Level 4.9 Ranged Weapons
 - Level 2.1 Dodging
 - Level 0.8 Stealth


You had 3 spell levels left.
You didn't know any spells.
Your spell library contained the following spells:

 Spells                   Type           Power      Damage    Failure   Level
 Foxfire                  Conj/Fire      0%         2x1d4     45%         1
 Shock                    Conj/Air       0%         1d3       45%         1
 Swiftness                Air            0%         N/A       83%         3
 Airstrike                Air            0%         2d(0-16)  99%         4


Dungeon Overview and Level Annotations

Branches:
Dungeon (3/15)

Altars:
Zin

Annotations:
D:3 Sigmund


Innate Abilities, Weirdness & Mutations

You are amphibious.
You cover ground slowly.
You can hop short distances.
You have an extended range of vision and can be seen from far away.


Message History

Press: ? - help, Q - select action, (/) - cycle Dir - move target, f - you
Okay, then.
Okay, then.
Hop to where?
Press: ? - help, Q - select action, (/) - cycle Dir - move target, f - you
Okay, then.
Okay, then.
Unknown command.
Unknown command.
Activating: Recite (10% risk of failure)
Press: ? - help, Dir - look around, f - activate You clear your throat and prepare to recite. "For those who would enter Zin's holy bosom..."
Sigmund barely misses you.
You are too injured to fight recklessly!
Fire: a) +0 shortbow
Press: ? - help, Q - select action, (/) - cycle Shift-Dir - straight line, f - Sigmund
Aim: Sigmund, wielding a +0 scythe and wearing a +2 robe of willpower (heavily wounded, 62% to hit)
Okay, then.
Okay, then.
Fire: a) +0 shortbow
Press: ? - help, Q - select action, (/) - cycle Shift-Dir - straight line, f - Sigmund
Aim: Sigmund, wielding a +0 scythe and wearing a +2 robe of willpower (heavily wounded, 62% to hit)
You shoot an arrow.
The arrow hits Sigmund. "...and live in faithfulness, Zin provideth.
Such is..."
Sigmund barely misses you.
Fire: a) +0 shortbow
Press: ? - help, Q - select action, (/) - cycle Shift-Dir - straight line, f/p - Sigmund
Aim: Sigmund, wielding a +0 scythe and wearing a +2 robe of willpower (severely wounded, 62% to hit)
You shoot an arrow.
The arrow barely misses Sigmund. "...the covenant, and such is the way of things."
You finish reciting Apostates 22:5.
Fire: a) +0 shortbow
Press: ? - help, Q - select action, (/) - cycle Shift-Dir - straight line, f/p - Sigmund
Aim: Sigmund, wielding a +0 scythe and wearing a +2 robe of willpower (severely wounded, 62% to hit)
You shoot an arrow. The arrow closely misses Sigmund.
Sigmund hits you from afar with a +0 scythe.
You take 1 damage, and have 18/37 hp.
Fire: a) +0 shortbow
Press: ? - help, Q - select action, (/) - cycle Shift-Dir - straight line, f/p - Sigmund
Aim: Sigmund, wielding a +0 scythe and wearing a +2 robe of willpower (severely wounded, 62% to hit)
You shoot an arrow.
The arrow hits Sigmund but does no damage.
Sigmund barely misses you.
Fire: a) +0 shortbow
Press: ? - help, Q - select action, (/) - cycle Shift-Dir - straight line, f/p - Sigmund
Aim: Sigmund, wielding a +0 scythe and wearing a +2 robe of willpower (severely wounded, 62% to hit)
You shoot an arrow. The arrow closely misses Sigmund.
Sigmund hits you from afar with a +0 scythe!
* * * LOW HITPOINT WARNING * * *
You take 8 damage, and have 11/37 hp.
MASSIVE DAMAGE!!
Fire: a) +0 shortbow
Press: ? - help, Q - select action, (/) - cycle Shift-Dir - straight line, f/p - Sigmund
Aim: Sigmund, wielding a +0 scythe and wearing a +2 robe of willpower (severely wounded, 62% to hit)
You shoot an arrow. The arrow closely misses Sigmund.
Fire: a) +0 shortbow
Press: ? - help, Q - select action, (/) - cycle Shift-Dir - straight line, f/p - Sigmund
Aim: Sigmund, wielding a +0 scythe and wearing a +2 robe of willpower (severely wounded, 62% to hit)
You shoot an arrow.
The arrow hits Sigmund but does no damage.
Sigmund closely misses you.
Fire: a) +0 shortbow
Press: ? - help, Q - select action, (/) - cycle Shift-Dir - straight line, f/p - Sigmund
Aim: Sigmund, wielding a +0 scythe and wearing a +2 robe of willpower (severely wounded, 62% to hit)
You shoot an arrow. The arrow hits Sigmund.
Sigmund casts a spell at you. The puff of flame hits you.
* * * LOW HITPOINT WARNING * * *
You take 4 damage, and have 8/37 hp.
Fire: a) +0 shortbow
Press: ? - help, Q - select action, (/) - cycle Shift-Dir - straight line, f/p - Sigmund
Aim: Sigmund, wielding a +0 scythe and wearing a +2 robe of willpower (severely wounded, 62% to hit)
You shoot an arrow.
The arrow hits Sigmund but does no damage.
You hear the rusting of a very distant drain.
You are ready to recite again.
Sigmund hits you from afar with a +0 scythe.
* * * LOW HITPOINT WARNING * * *
You take 2 damage, and have 6/37 hp.
Fire: a) +0 shortbow
Press: ? - help, Q - select action, (/) - cycle Shift-Dir - straight line, f/p - Sigmund
Aim: Sigmund, wielding a +0 scythe and wearing a +2 robe of willpower (severely wounded, 62% to hit)
You shoot an arrow.
The arrow hits Sigmund but does no damage.
Sigmund hits you from afar with a +0 scythe.
* * * LOW HITPOINT WARNING * * *
You take 4 damage, and have 2/37 hp.
Fire: a) +0 shortbow
Press: ? - help, Q - select action, (/) - cycle Shift-Dir - straight line, f/p - Sigmund
Aim: Sigmund, wielding a +0 scythe and wearing a +2 robe of willpower (severely wounded, 62% to hit)
You shoot an arrow. The arrow closely misses Sigmund.
Sigmund misses you.
Fire: a) +0 shortbow
Press: ? - help, Q - select action, (/) - cycle Shift-Dir - straight line, f/p - Sigmund
Aim: Sigmund, wielding a +0 scythe and wearing a +2 robe of willpower (severely wounded, 62% to hit)
You shoot an arrow. The arrow barely misses Sigmund.
Sigmund points at you and mumbles some strange words.
You are confused.
Sigmund hits you from afar with a +0 scythe.
You die...

#. ... .. ..> .. ... .
.. ##### ... . ....
#...### #.# ##. ...
##....# #.# #.> ..
###..####.######.# ..
#....@.......).# .
##...##@######.#######
###........##..##....
###..).......##.#..
#.................
#...^^^^^....^....
#..#P#.#._.#.#.#.#
#..#.#.#####.#.#.#
#...#.#. .#.#..#


You could see Sigmund.

Vanquished Creatures
  3 adders (D:2)
  5 ball pythons
  4 bats
  4 endoplasms
  5 giant cockroaches
  3 hobgoblins (D:1)
  A kobold (D:1)
  3 quokkas
  3 frilled lizards
  8 goblins
  2 rats
41 creatures vanquished.

Notes
Turn   | Place    | Note
-------+----------+-------------------------------------------
     0 | D:1      | IndexError the Barachi Hunter began the quest for the Orb.
     0 | D:1      | Reached XP level 1. HP: 17/17 MP: 1/1
   419 | D:1      | Reached XP level 2. HP: 23/23 MP: 2/2
   438 | D:1      | Reached skill level 3 in Fighting
   720 | D:1      | Reached XP level 3. HP: 29/29 MP: 3/3
  1073 | D:2      | Reached XP level 4. HP: 35/37 MP: 4/4
  1096 | D:2      | Reached skill level 4 in Fighting
  1484 | D:3      | Noticed Sigmund
  1559 | D:3      | Found a faded altar of an unknown god.
  1573 | D:3      | Got Plato's Book of the Pyre
  1574 | D:3      | Prayed at the altar of an unknown god.
  1574 | D:3      | Became a worshipper of Zin the Law-Giver
  1574 | D:3      | Reached * piety under Zin
  1632 | D:3      | HP: 8/37 [Sigmund/puff of flame (4)]
  1634 | D:3      | HP: 2/37 [Sigmund/+0 scythe (5)]
  1638 | D:3      | Slain by Sigmund

Illustrated notes

Levels and vault maps discovered:
D:1:      minmay_arrival_diagonal_passages, layout_loops_corners
D:2:      layout_rooms, dreamdust_mushroom_princess, st_stairs_8,
          nicolae_elevator_lobby_plus
D:3:      layout_rooms, portal_sewer_entry_c,
          shapermc_ecumenical_altar_rom_forum, uniq_sigmund

Skill      XL: |  1  2  3  4 |
---------------+-------------+-----
Fighting       | 3 4 |  4.1
Ranged Weapons | |  4.9
Dodging        | |  2.1
Stealth        | |  0.8

Action                     |  1- 3 |  4- 6 || total
---------------------------+-------+-------++-------
   Fire: Shortbow          |    83 |    47 ||   130
 Invoke: Recite            |       |     1 ||     1
Ability: Hop               |       |     2 ||     2
 Armour: Leather armour    |     7 |     3 ||    10
  Dodge: Dodged            |    19 |    20 ||    39

Table legend: (Time is in decaauts)
 A = Elapsed time spent in this place.
 B = Non-inter-level travel time spent in this place.
 C = Inter-level travel time spent in this place.
 D = Time resting spent in this place.
 E = Time spent auto-exploring this place.
 F = Levels seen in this place.
 G = Mean time per level.
                   A        B        C        D        E       F      G
               +--------+--------+--------+--------+--------+-----+--------+
         Total |   1937 |   1722 |    215 |     34 |   1367 |   3 |  645.7 |
       Dungeon |   1937 |   1722 |    215 |     34 |   1367 |   3 |  645.7 |
               +--------+--------+--------+--------+--------+-----+--------+

Top non-repeatable levels by time:
     D:1: 1067 daAuts
     D:2: 760 daAuts
     D:3: 109 daAuts

Levels and vault maps discovered:
D:1:      minmay_arrival_diagonal_passages, layout_loops_corners
D:2:      layout_rooms, dreamdust_mushroom_princess, st_stairs_8,
          nicolae_elevator_lobby_plus
D:3:      layout_rooms, portal_sewer_entry_c,
          shapermc_ecumenical_altar_rom_forum, uniq_sigmund

Table legend: (Time is in decaauts)
 A = Elapsed time spent in this place.
 B = Non-inter-level travel time spent in this place.
 C = Inter-level travel time spent in this place.
 D = Time resting spent in this place.
 E = Time spent auto-exploring this place.
 F = Levels seen in this place.
 G = Mean time per level.
                   A        B        C        D        E       F      G
               +--------+--------+--------+--------+--------+-----+--------+
         Total |   1937 |   1722 |    215 |     34 |   1367 |   3 |  645.7 |
       Dungeon |   1937 |   1722 |    215 |     34 |   1367 |   3 |  645.7 |
               +--------+--------+--------+--------+--------+-----+--------+

Top non-repeatable levels by time:
     D:1: 1067 daAuts
     D:2: 760 daAuts
     D:3: 109 daAuts

Table legend:
 A = Kills in this place as a percentage of kills in the entire game.
 B = Kills by you in this place as a percentage of kills by you in the entire game.
 C = Kills by friends in this place as a percentage of kills by friends in the entire game.
 D = Other kills in this place as a percentage of other kills in the entire game.
 E = Experience gained in this place as a percentage of experience gained in the entire game.
 F = Experience gained in this place divided by the number of levels of this place that you have seen.
                   A       B       C       D       E      F
               +-------+-------+-------+-------+-------+----------------------
         Total | 100.0 | 100.0 |   N/A |   N/A | 100.0 |  36.0
       Dungeon | 100.0 | 100.0 |   N/A |   N/A | 100.0 |  36.0
               +-------+-------+-------+-------+-------+----------------------
